 Dungeon Crawl Stone Soup version 0.26-a0-812-g31a745ddcd (webtiles) character file.

Game seed: 7970787309084306095

2060 vurker the Sneak (level 9, -4/65 HPs)
             Began as a Gnoll Enchanter on Nov 26, 2020.
             Was an Initiate of Cheibriados.
             Killed from afar by an electric eel (12 damage)
             ... with a bolt of electricity
             ... on level 7 of the Dungeon.
             The game lasted 00:12:47 (10618 turns).

vurker the Sneak (Gnoll Enchanter)                 Turns: 10618, Time: 00:12:47

Health: -4/65      AC:  8    Str: 11    XL:     9   Next: 25%
Magic:  18/18      EV: 15    Int: 22    God:    Cheibriados [......]
Gold:   321        SH: 10    Dex: 17    Spells: 20/21 levels left

rFire    . . .     SeeInvis +   k - +1 dagger (venom)
rCold    . . .     Faith    .   j - +0 buckler
rNeg     . . .     Spirit   .   b - +0 robe
rPois    .         Reflect  +   r - +1 helmet
rElec    .         Harm     .   l - +2 cloak {MR+}
rCorr    .         Rampage  .   a - +0 pair of gloves
MR       +....                  (no boots)
Stlth    +++.......             n - amulet of reflection
HPRegen  0.20/turn              d - ring of see invisible
MPRegen  0.16/turn              (no ring)

@: heavily drained, very slow
A: distributed training, fangs 1, strong nose
a: Bend Time, Renounce Religion


You were on level 7 of the Dungeon.
You worshipped Cheibriados.
Cheibriados was noncommittal.
You visited 2 branches of the dungeon, and saw 8 of its levels.

You collected 396 gold pieces.
You spent 75 gold pieces at shops.

Inventory:

Hand Weapons
 h - a +0 whip of freezing
   (You took it off Pikel on level 5 of the Dungeon)
 k - a +1 dagger of venom (weapon)
   (You took it off an orc on level 3 of the Dungeon)
Armour
 a - a +0 pair of gloves (worn)
   (You found it on level 4 of the Dungeon)
 b - a +0 robe (worn)
 j - a +0 buckler (worn)
   (You found it on level 2 of the Dungeon)
 l - a +2 cloak of magic resistance (worn)
   (You took it off Crazy Yiuf on level 4 of the Dungeon)
 r - a +1 helmet (worn)
   (You took it off Robin on level 4 of the Dungeon)
Jewellery
 d - a ring of see invisible (left hand)
   (You found it on level 1 of the Dungeon)
 n - an amulet of reflection (around neck)
   (You found it on level 6 of the Dungeon)
Scrolls
 c - 4 scrolls of identify
 e - 4 scrolls of remove curse
 q - a scroll of magic mapping {unknown}
 u - a scroll of enchant weapon
Potions
 f - 2 potions of flight
 i - a potion of attraction
 m - a potion of resistance
 o - a potion of cancellation {unknown}
 p - 2 potions of curing
 s - a potion of mutation {unknown}
 t - a potion of magic {unknown}


   Skills:
 + Level 4.0(2.7) Fighting
 + Level 4.9(3.5) Short Blades
 + Level 4.0(2.7) Long Blades
 + Level 4.0(2.7) Axes
 + Level 4.0(2.7) Maces & Flails
 + Level 4.0(2.7) Polearms
 + Level 4.0(2.7) Staves
 + Level 4.0(2.7) Slings
 + Level 4.0(2.7) Bows
 + Level 4.0(2.7) Crossbows
 + Level 4.0(2.7) Throwing
 + Level 4.0(2.7) Armour
 + Level 6.2(4.7) Dodging
 + Level 7.3(5.8) Stealth
 + Level 4.0(2.7) Shields
 + Level 4.0(2.7) Unarmed Combat
 + Level 6.5(5.0) Spellcasting
 + Level 3.3(2.0) Conjurations
 + Level 6.4(5.0) Hexes
 + Level 3.3(2.0) Summonings
 + Level 3.3(2.0) Necromancy
 + Level 3.3(2.0) Translocations
 + Level 3.3(2.0) Transmutations
 + Level 3.3(2.0) Fire Magic
 + Level 3.3(2.0) Ice Magic
 + Level 3.3(2.0) Air Magic
 + Level 3.3(2.0) Earth Magic
 + Level 3.3(2.0) Poison Magic
 + Level 4.5(3.1) Invocations
 + Level 4.0(2.7) Evocations


You had 20 spell levels left.
You knew the following spells:

 Your Spells              Type           Power        Failure   Level
a - Corona                Hex            ####...      1%          1

Your spell library contained the following spells:

 Spells                   Type           Power        Failure   Level
 Beastly Appendage        Tmut           ##....       4%          1
 Ensorcelled Hibernation  Hex/Ice        ###...       4%          2
 Confusing Touch          Hex            ####....     4%          3
 Tukima's Dance           Hex            ####....     4%          3
 Wereblood                Tmut           ##......     8%          2
 Dazzling Flash           Conj/Hex       ###...       9%          3
 Spider Form              Tmut/Pois      ##........   16%         3
 Ice Form                 Ice/Tmut       ##......     45%         4
 Blade Hands              Tmut           ##........   80%         5


Dungeon Overview and Level Annotations

Branches:
Dungeon (7/15)             Temple (1/1) D:6

Altars:
Ashenzari
Cheibriados
Dithmenos
Elyvilon
Fedhas
Gozag
Hepliaklqana
Kikubaaqudgha
Makhleb
Nemelex Xobeh
Okawaru
Qazlal
Ru
Sif Muna
Trog
Uskayaw
Yredelemnul
Zin
The Shining One

Shops:
D:4 *


Innate Abilities, Weirdness & Mutations

Your experience applies equally to all skills.
You have very sharp teeth.
Your uncanny sense of smell can sniff out nearby items.


Message History

You destroy the wight!
Cheibriados appreciates the change of pace.
No target in view!
No target in view!
No target in view!
No target in view!
No target in view!
No target in view!
No target in view!
No target in view!
No target in view!
No target in view!
No target in view!
No target in view!
No target in view!
Things that are here:
a +0 dagger; a +0 robe
Things that are here:
a +0 flail; a +0 robe
Things that are here:
a +0 whip; a +0 leather armour; a gnoll skeleton Done exploring.
Done exploring.
Done exploring.
There is a stone staircase leading down here.
You climb downwards.
A wight comes into view.
It is wielding a +4 war axe of freezing.
The orc shouts!
You hear an angry hiss.
The electric eel shoots out a bolt of lightning at you!
The bolt of electricity hits you. The bolt of electricity hits you!
The electric eel shoots out a bolt of lightning at you!
The bolt of electricity hits the orc!
The orc dies!
The bolt of electricity hits you.
The phantom blinks!
The electric eel shoots out a bolt of lightning at you!
The bolt of electricity misses you. x2
The electric eel shoots out a bolt of lightning at you!
The bolt of electricity hits you!
The phantom blinks!
The electric eel shoots out a bolt of lightning at you!
The bolt of electricity hits you!
* * * LOW HITPOINT WARNING * * *
There is a stone staircase leading up, spattered with blood here.
Unknown command.
The electric eel shoots out a bolt of lightning at you!
The bolt of electricity hits the wight!
The bolt of electricity hits you!
* * * LOW HITPOINT WARNING * * *
The bolt of electricity misses you.
The electric eel shoots out a bolt of lightning at you!
The bolt of electricity hits you!
You die...

... #..
#+####'#
.[.......
o........ #
......... #.
########.
.###..###+###
##
.....)§@..w.#∆
........)(..#
.........z..#
§...........#
...W.......o#
∆
#.##...#.#);g.
#
#...##.;;≈≈≈≈
...w.≈;≈≈≈≈≈≈
#
.....≈≈≈≈≈...≈
≈#


You could see a phantom, an orc warrior, 4 electric eels, a wight, a gnoll and 2
dart slugs.

Vanquished Creatures
  Pikel (D:5)
  Prince Ribbit (D:6)
  A sky beast (D:4)
  An ogre (D:5)
  2 centaurs (D:6)
  A bullfrog (D:6)
  4 wights (D:6)
  A howler monkey (D:5)
  3 orc priests (D:3)
  2 hounds (D:4)
  A jelly (D:6)
  Crazy Yiuf (D:4)
  A gnoll shaman (D:6)
  An iguana (D:3)
  6 orc wizards
  5 worker ants
  Robin (D:4)
  A gnoll (D:4)
  6 adders
  A shadow imp (D:4)
  2 ufetubi (D:6)
  3 oozes
  An adder zombie (D:5)
  An adder skeleton (D:4)
  2 worms
  2 dart slugs
  6 leopard geckos
  17 orcs
  3 ball pythons
  8 giant cockroaches
  17 goblins
  13 hobgoblins
  3 jackals
  A quokka (D:4)
  7 bats
  4 frilled lizards
  10 kobolds
  8 rats
149 creatures vanquished.

Vanquished Creatures (others)
  A gnoll (D:7)
  A dart slug (D:7)
  An orc (D:7)
  A jackal (D:6)
4 creatures vanquished.

Grand Total: 153 creatures vanquished

Notes
Turn   | Place    | Note
-------+----------+-------------------------------------------
     0 | D:1      | vurker the Gnoll Enchanter began the quest for the Orb.
     0 | D:1      | Reached XP level 1. HP: 13/13 MP: 6/6
   267 | D:1      | Reached XP level 2. HP: 19/19 MP: 7/7
  1078 | D:1      | Reached XP level 3. HP: 25/25 MP: 9/9
  1109 | D:1      | Reached skill level 5 in Spellcasting
  1440 | D:2      | Reached skill level 6 in Stealth
  1592 | D:2      | Reached skill level 1 in Invocations
  2060 | D:2      | Reached skill level 1 in Fighting
  2060 | D:2      | Reached skill level 1 in Long Blades
  2060 | D:2      | Reached skill level 1 in Axes
  2060 | D:2      | Reached skill level 1 in Maces & Flails
  2060 | D:2      | Reached skill level 1 in Polearms
  2060 | D:2      | Reached skill level 1 in Staves
  2060 | D:2      | Reached skill level 1 in Slings
  2060 | D:2      | Reached skill level 1 in Bows
  2060 | D:2      | Reached skill level 1 in Crossbows
  2060 | D:2      | Reached skill level 1 in Throwing
  2060 | D:2      | Reached skill level 1 in Armour
  2060 | D:2      | Reached skill level 1 in Shields
  2060 | D:2      | Reached skill level 1 in Unarmed Combat
  2060 | D:2      | Reached skill level 1 in Evocations
  2060 | D:2      | Reached XP level 4. HP: 32/32 MP: 11/11
  2492 | D:2      | Found a broken altar of Ashenzari.
  2848 | D:2      | Reached skill level 1 in Conjurations
  2848 | D:2      | Reached skill level 1 in Summonings
  2848 | D:2      | Reached skill level 1 in Necromancy
  2848 | D:2      | Reached skill level 1 in Translocations
  2848 | D:2      | Reached skill level 1 in Transmutations
  2848 | D:2      | Reached skill level 1 in Fire Magic
  2848 | D:2      | Reached skill level 1 in Ice Magic
  2848 | D:2      | Reached skill level 1 in Air Magic
  2848 | D:2      | Reached skill level 1 in Earth Magic
  2848 | D:2      | Reached skill level 1 in Poison Magic
  3252 | D:3      | Reached XP level 5. HP: 37/37 MP: 12/12
  4658 | D:3      | Reached XP level 6. HP: 10/44 MP: 13/13
  5073 | D:3      | Found a faded altar of an unknown god.
  6153 | D:3      | Reached skill level 5 in Dodging
  6410 | D:4      | Noticed a sky beast
  6425 | D:4      | Killed a sky beast
  6493 | D:4      | Found a runed translucent door.
  6494 | D:4      | Noticed Crazy Yiuf
  6507 | D:4      | Killed Crazy Yiuf
  6507 | D:4      | Reached XP level 7. HP: 29/50 MP: 15/15
  7041 | D:4      | Found an iron altar of Okawaru.
  7123 | D:4      | Found Are Zuot's Assorted Antiques.
  7128 | D:4      | Bought a scroll labelled KOUHEG SEFOTAWN for 26 gold pieces
  7128 | D:4      | Bought a scroll labelled HUSINU UFEUQOHA for 26 gold pieces
  7128 | D:4      | Bought a dark potion for 23 gold pieces
  7235 | D:4      | Noticed Robin
  7272 | D:4      | Killed Robin
  7523 | D:4      | Found a burning altar of Makhleb.
  7554 | D:5      | Entered Level 5 of the Dungeon
  8124 | D:5      | Reached XP level 8. HP: 57/57 MP: 16/16
  8270 | D:5      | Found an ancient bone altar of Kikubaaqudgha.
  8304 | D:5      | Noticed Pikel
  8331 | D:5      | Killed Pikel
  8526 | D:5      | Reached skill level 7 in Stealth
  8613 | D:5      | Found a hazy altar of Hepliaklqana.
  8619 | D:5      | Found a shadowy altar of Dithmenos.
  8619 | D:5      | Noticed a shadow
  8765 | D:6      | Found a staircase to the Ecumenical Temple.
  8775 | Temple   | Entered the Ecumenical Temple
  8810 | Temple   | Became a worshipper of Cheibriados the Contemplative
  9509 | D:6      | Reached XP level 9. HP: 65/65 MP: 18/18
  9566 | D:6      | Found a shimmering blue altar of Sif Muna.
  9867 | D:7      | Noticed Prince Ribbit
 10307 | D:6      | Killed Prince Ribbit
 10618 | D:7      | Killed from afar by an electric eel

Illustrated notes

Levels and vault maps discovered:
D:1:      ebering_trefoil_twist, layout_rooms, grunt_decor_clamped,
          chequers_serial_rivers_small_b, roderic_roman_lattice, st_stairs_6
D:2:      layout_loops_ring, nicolae_overflow_hidden_temple
D:3:      layout_loops_ring, chequers_ecumenical_altar_lobes,
          minmay_misc_feat_columns, hex_large
D:4:      layout_basic, makhleb_heckhound_becter, serial_shops,
          kennysheep_little_box, minivault_25, st_stairs_10,
          okawaru_metal_pillars_1_2, uniq_robin, uniq_crazy_yiuf_cottage
D:5:      layout_basic, riverfiend_overflow_shadow_ancestor, basic_altar,
          wad_rectangle_vault, uniq_pikel
D:6:      layout_basic, lemuel_blue_sif_altar, minmay_temple_entry_sparse_star,
          kennysheep_generic_room_10
D:7:      kennysheep_slugbush, layout_gridville, nicolae_overflow_crystal_walls,
          kennysheep_small_spiral, uniq_prince_ribbit1
Temple:   eino_temple_lava

Skill      XL: |  1  2  3  4  5  6  7  8  9 |
---------------+----------------------------+-----
Spellcasting   | 5 6 |  6.5
Stealth        | 6 7 |  7.3
Invocations    | 1 2 3 4 |  4.5
Fighting       | 1 2 3 4 |  4.0
Long Blades    | 1 2 3 4 |  4.0
Axes           | 1 2 3 4 |  4.0
Maces & Flails | 1 2 3 4 |  4.0
Polearms       | 1 2 3 4 |  4.0
Staves         | 1 2 3 4 |  4.0
Slings         | 1 2 3 4 |  4.0
Bows           | 1 2 3 4 |  4.0
Crossbows      | 1 2 3 4 |  4.0
Throwing       | 1 2 3 4 |  4.0
Armour         | 1 2 3 4 |  4.0
Shields        | 1 2 3 4 |  4.0
Unarmed Combat | 1 2 3 4 |  4.0
Evocations     | 1 2 3 4 |  4.0
Conjurations   | 1 2 3 |  3.3
Summonings     | 1 2 3 |  3.3
Necromancy     | 1 2 3 |  3.3
Translocations | 1 2 3 |  3.3
Transmutations | 1 2 3 |  3.3
Fire Magic     | 1 2 3 |  3.3
Ice Magic      | 1 2 3 |  3.3
Air Magic      | 1 2 3 |  3.3
Earth Magic    | 1 2 3 |  3.3
Poison Magic   | 1 2 3 |  3.3
Short Blades   | 3 4 |  4.9
Dodging        | 5 6 |  6.2
Hexes          | 6 |  6.4

Action                   |  1- 3 |  4- 6 |  7- 9 || total
-------------------------+-------+-------+-------++-------
Melee: Dagger            |   162 |   356 |   435 ||   953
       Bite              |    12 |    36 |    51 ||    99
  Use: Potion            |       |     3 |       ||     3
       Scroll            |       |       |    14 ||    14
 Stab: Sleeping          |     6 |     6 |     7 ||    19
       Distracted        |       |       |     1 ||     1
Armor: Robe              |    17 |    24 |    56 ||    97
Dodge: Dodged            |    95 |   204 |   169 ||   468
Block: Buckler           |       |    57 |   122 ||   179
       Reflection        |       |       |     2 ||     2

Table legend: (Time is in decaauts)
 A = Elapsed time spent in this place.
 B = Non-inter-level travel time spent in this place.
 C = Inter-level travel time spent in this place.
 D = Time resting spent in this place.
 E = Time spent auto-exploring this place.
 F = Levels seen in this place.
 G = Mean time per level.
                   A        B        C        D        E       F      G
               +--------+--------+--------+--------+--------+-----+--------+
         Total |  10691 |  10286 |    405 |    846 |   7646 |   8 | 1336.4 |
       Dungeon |  10644 |  10249 |    395 |    846 |   7619 |   7 | 1520.6 |
        Temple |     47 |     37 |     10 |      0 |     27 |   1 |   47.0 |
               +--------+--------+--------+--------+--------+-----+--------+

Top non-repeatable levels by time:
     D:3: 2949 daAuts
     D:6: 1950 daAuts
     D:2: 1899 daAuts
     D:4: 1398 daAuts
     D:1: 1391 daAuts
     D:5: 1001 daAuts
     D:7: 55 daAuts
  Temple: 47 daAuts
